 Dungeon Crawl Stone Soup version 0.31.0-1-g2c135a0 (webtiles) character file.

Game seed: 5384412178060841312

56 edsrzf the Slasher (level 3, -2/24 HPs)
             Began as an Octopode Reaver on Jan 31, 2024.
             Slain by Sigmund
             ... wielding a +2 scythe of flaming
              (5 damage)
             ... on level 3 of the Dungeon.
             The game lasted 00:02:34 (1551 turns).

edsrzf the Slasher (Octopode Reaver)                Turns: 1551, Time: 00:02:35

Health: -2/24      AC:  1    Str: 17    XL:     3   Next: 97%
Magic:  6/6        EV: 13    Int: 17    God:
Gold:   96         SH:  0    Dex: 10    Spells: 5/6 levels left

rFire   . . .        a - +0 falchion
rCold   . . .        (no shield)
rNeg    . . .        (helmet restricted)
rPois   .            (no amulet)
rElec   .            j - +6 ring of strength
rCorr   .            (no ring)
SInv    .            (no ring)
Will    .....        (no ring)
Stlth   +++          (no ring)
HPRegen 0.24/turn    (no ring)
MPRegen 0.10/turn    (no ring)
                     (no ring)

%: no passive effects
@: no status effects
A: almost no armour, amphibious, 8 rings, camouflage 1, gelatinous body 1,
(nimble swimmer 1), tentacles
a: no special abilities


You were on level 3 of the Dungeon.
You visited 1 branch of the dungeon, and saw 3 of its levels.

You collected 96 gold pieces.

Inventory:

Hand Weapons
 a - a +0 falchion (weapon)
Jewellery
 j - a +6 ring of strength (left tentacle)
Scrolls
 e - 3 scrolls of teleportation {unknown}
 f - 2 scrolls of identify {unknown}
 h - a scroll of amnesia {unknown}
 i - 3 scrolls of poison {unknown}
Potions
 b - a potion of invisibility {unknown}
 c - a potion of degeneration {unknown}
 d - a potion of magic {unknown}
 g - a potion of curing


   Skills:
 - Level 2.0 Fighting
 + Level 3.9 Long Blades
 - Level 2.0 Dodging
 + Level 3.4 Stealth
 - Level 2.0 Spellcasting
 - Level 3.0 Conjurations


You had 5 spell levels left.
You knew the following spells:

 Your Spells              Type           Power      Damage    Failure   Level
a - Kiss of Death         Conj/Necr      24%        2d7       11%         1

Your spell library contained the following spells:

 Spells                   Type           Power      Damage    Failure   Level
 Momentum Strike          Conj/Tloc      12%        3d8       16%         2
 Hailstorm                Conj/Ice       6%         3d5       30%         3


Dungeon Overview and Level Annotations

Branches:
Dungeon (3/15)

Altars:

Annotations:
D:3 Sigmund


Innate Abilities, Weirdness & Mutations

You cannot wear most types of armour.
You are amphibious.
You can wear up to eight rings at the same time.
Your skin changes colour to match your surroundings (Stealth+).
Your rubbery body absorbs attacks. (AC +1, EV +1)
((You are camouflaged when in or above water. (Stealth+)))
You have tentacles for arms and can constrict up to eight enemies at once.


Message History

An endoplasm comes into view.
Found 3 scrolls labelled LIUDAO WETU.
The endoplasm quivers.
You barely miss the endoplasm. The endoplasm closely misses you.
You hit the endoplasm but do no damage. You squeeze the endoplasm.
The endoplasm is lightly wounded.
The endoplasm misses you.
You hit the endoplasm.
The endoplasm is severely wounded.
The endoplasm freezes you.
You are frozen.
You barely miss the endoplasm. You squeeze the endoplasm.
You kill the endoplasm!
i - 3 scrolls labelled LIUDAO WETU A ball python comes into view.
You barely miss the ball python.
The ball python hisses angrily.
You grab the ball python. You squeeze the ball python.
You kill the ball python!
j - a +6 ring of strength
Found an escape hatch in the ceiling.
You feel stronger.
j - a +6 ring of strength (left tentacle)
There is an escape hatch in the ceiling here.
You open the door.
There is an open door here.
There is an open door here.
An endoplasm comes into view.
The endoplasm jiggles.
The endoplasm closely misses you.
You hit the endoplasm.
The endoplasm is heavily wounded.
The endoplasm barely misses you.
You hit the endoplasm.
You kill the endoplasm!
A quokka comes into view.
The helpless quokka fails to defend itself.
You hit the quokka. Your grab misses the quokka. You squeeze the quokka.
You kill the quokka!
An adder comes into view.
The adder hisses angrily.
You miss the adder. Your grab misses the adder. The adder bites you.
You slash the adder! Your grab misses the adder.
The adder is almost dead.
The adder barely misses you.
You miss the adder. Your grab misses the adder.
The adder is almost dead.
The adder barely misses you. The adder closely misses you.
You barely miss the adder. Your grab misses the adder.
The adder is almost dead.
The adder bites you.
You hit the adder.
You kill the adder!
Found 4 stones.
A bat comes into view.
Found a robe.
Found 8 gold pieces.
You see here 4 stones.
The helpless bat fails to defend itself.
You hit the bat. Your grab misses the bat. You squeeze the bat.
You kill the bat!
You see here a +0 robe.
You now have 96 gold pieces (gained 8).
You open the door.
There is an open door here.
There is an open door here.
Found a stone staircase leading down.
There is a stone staircase leading down here.
Done exploring.
Done exploring.
You climb downwards.
You hear the sound of rushing water.
There is an entrance to a sewer on this level.
Hurry and find it before the portal rusts away!
Found a whip.
There is a stone staircase leading up here.
Autoexplore enabled for D:3 Sigmund the Dreaded comes into view.
He is wielding a +2 scythe of flaming.
Sigmund shouts!
Sigmund says, "You will soon forget everything."
Sigmund casts a spell at you.
You are confused.
You closely miss Sigmund.
Sigmund hits you with a +2 scythe of flaming!
Ouch! That really hurt!
Sigmund burns you.
You miss Sigmund. Your squeeze misses Sigmund.
Okay, then.
It was a potion of curing.
You feel better.
Sigmund hits you with a +2 scythe of flaming.
Sigmund burns you.
You hit Sigmund but do no damage. You grab Sigmund. You constrict Sigmund.
Sigmund points at you and mumbles some strange words.
The puff of flame hits you!
* * * LOW HITPOINT WARNING * * *
You feel better.
You constrict Sigmund.
Sigmund hits you with a +2 scythe of flaming!
* * * LOW HITPOINT WARNING * * *
Sigmund burns you.
You die...
Sigmund begins carving another notch in his scythe.

#.#
#####.#
#.).#.#
#.#..<#
#...###
##.##
#.#
#.#####
#..@@.#
#####.#
#


You could see Sigmund.

Vanquished Creatures
  An adder (D:2)
  4 bats
  7 endoplasms
  3 giant cockroaches
  4 hobgoblins
  2 jackals (D:1)
  A kobold (D:1)
  3 quokkas
  7 ball pythons
  2 frilled lizards (D:1)
  4 goblins
  3 rats
41 creatures vanquished.

Notes
Turn   | Place    | Note
-------+----------+-------------------------------------------
     0 | D:1      | edsrzf the Octopode Reaver began the quest for the Orb.
     0 | D:1      | Reached XP level 1. HP: 14/14 MP: 3/3
    59 | D:1      | Reached skill level 1 in Stealth
   107 | D:1      | Reached XP level 2. HP: 19/19 MP: 5/5
   151 | D:1      | Reached skill level 2 in Stealth
   532 | D:1      | Reached XP level 3. HP: 17/24 MP: 6/6
  1201 | D:2      | Reached skill level 3 in Stealth
  1544 | D:3      | Noticed Sigmund
  1549 | D:3      | Identified 3 potions of curing
  1551 | D:3      | Slain by Sigmund

Illustrated notes

Levels and vault maps discovered:
D:1:      lightli_arrival_lavapool, layout_loops_ring
D:2:      layout_loops_corners, chequers_serial_rivers_micro_b
D:3:      minmay_recursive_quarters, layout_loops_ring,
          shapermc_ecumenical_altar_venn,
          mainiacjoe_sewer_entry_somewhere_in_here_1, kennysheep_generic_room_7,
          uniq_natasha, uniq_sigmund

Skill      XL: |  1  2  3 |
---------------+----------+-----
Stealth        | 1 2 3 |  3.4
Fighting       | |  2.0
Long Blades    | |  3.9
Dodging        | |  2.0
Spellcasting   | |  2.0
Conjurations   | |  3.0

Action                     || total
---------------------------++-------
  Melee: Falchion          ||    79
         Tentacles         ||    16
         Constrict         ||    13
    Use: Potion            ||     2
   Stab: Sleeping          ||    12
 Armour: Skin              ||    28
  Dodge: Dodged            ||    43
